 Dungeon Crawl Stone Soup version 0.18.1-8-gdd0e5ea (webtiles) character file.

515 M4edhros the Ruffian (level 7, -1/62 HPs)
             Began as a Troll Necromancer on May 23, 2016.
             Was a Priest of Pakellas.
             Slain by an orc warrior
             ... wielding a +4 mace of holy wrath
              (16 damage)
             ... on level 7 of the Dungeon.
             The game lasted 00:08:52 (1843 turns).

M4edhros the Ruffian (Troll Necromancer)            Turns: 1843, Time: 00:08:53

Health: -1/62      AC:  6    Str: 17    XL:     7   Next: 0%
Magic:  1/7        EV: 15    Int: 16    God:    Pakellas [***...]
Gold:   122        SH:  0    Dex: 17    Spells: 2 memorised, 4 levels left

rFire  . . .     SeeInvis .       - Unarmed
rCold  . . .     Gourm    +     a - +0 robe
rNeg   . . .     Faith    .     (no shield)
rPois  .         Spirit   .     (helmet restricted)
rElec  .         Dismiss  .     x - +0 cloak
rCorr  .         Reflect  .     (gloves unavailable)
SustAt .         Harm     .     (boots unavailable)
MR     .....                    (no amulet)
Stlth  +++.......               (no ring)
                                n - +5 ring of intelligence

@: agile, very slightly contaminated, drained, not resistant to hostile
enchantments, fairly stealthy
A: unfitting armour, claws 3, fast metabolism 3, gourmand, regeneration 2,
shaggy fur 1, tough skin 2
a: Quick Charge, Device Surge, Renounce Religion


You were on level 7 of the Dungeon.
You worshipped Pakellas.
Pakellas was most pleased with you.
You were very full.

You visited 1 branch of the dungeon, and saw 7 of its levels.
You also visited: Sewer.

You collected 122 gold pieces.

Inventory:

Armour
 a - a +0 robe (worn)
 x - a +0 cloak (worn)
Jewellery
 n - a +5 ring of intelligence (left claw)
Wands
 i - a wand of flame (32/48)
 m - a wand of confusion (21/48)
 t - a wand of flame (23/48)
 w - a wand of enslavement (2/24)
Scrolls
 e - 6 scrolls of identify {unknown}
 j - 4 scrolls of teleportation {unknown}
 k - a scroll of enchant armour {unknown}
 q - a scroll of blinking {unknown}
 u - a scroll of enchant weapon {unknown}
Potions
 g - a potion of resistance {unknown}
 p - a potion of brilliance {unknown}
 r - a potion of heal wounds {unknown}
 s - a potion of magic {unknown}
 v - a potion of flight {unknown}
Books
 b - a book of Necromancy

   Spells                             Type                      Level
   a - Pain                           Necromancy                   1
   b - Animate Skeleton               Necromancy                   1
   c - Vampiric Draining              Necromancy                   3
   d - Regeneration                   Charms/Necromancy            3
   e - Animate Dead                   Necromancy                   4
   f - Control Undead                 Necromancy                   4
Miscellaneous
 o - a sack of spiders {used: 1}
Comestibles
 c - 4 bread rations
 h - 2 meat rations
 l - a slice of pizza
 z - 3 chunks of flesh


   Skills:
 + Level 1.6(1.1) Fighting
 + Level 2.6(2.1) Dodging
 - Level 1.1(0.6) Stealth
 * Level 5.0(4.4) Unarmed Combat
 - Level 1.2(0.7) Spellcasting
 + Level 3.5(3.0) Necromancy
 * Level 2.3(1.8) Evocations


You had 4 spell levels left.
You knew the following spells:

 Your Spells              Type           Power        Failure   Level  Hunger
a - Pain                  Necr           ##..         10%         1    ##.....
r - Regeneration          Chrm/Necr      #.........   38%         3    ####...


Dungeon Overview and Level Annotations

Branches:
Dungeon (7/15)             Temple (0/1) D:4

Altars:
Gozag
Pakellas
Qazlal

Shops:
D:5 }


Innate Abilities, Weirdness & Mutations

You are too large for most types of armour.
You have claws for hands.
Your metabolism is lightning-fast.
You like to eat raw meat.
You heal very quickly.
You are covered in fur (AC +1).
You have very tough skin (AC +2).


Message History

The orc wizard hits you but does no damage.
Your orc warrior hits the orc wizard with a mace of holy wrath!
Unknown command.
Unknown command.
You scratch the orc wizard.
The orc wizard is almost dead.
The kobold hits you but does no damage. The orc wizard misses you.
Unknown command.
Unknown command.
You claw the orc wizard!
You kill the orc wizard!
Pakellas accepts your kill.
Your base Unarmed Combat skill increases to level 5!
You have reached level 7!
The kobold hits you.
* * * LOW HITPOINT WARNING * * *
You barely miss the kobold.
The orc warrior is no longer charmed.
The orc warrior hits you with a mace of holy wrath!
You die...
Pakellas says: Time to start the next experiment...

### ..# #.# # .
#.#.# ...
.######$#.#....
.......o)......
#.....@K.#
#..?..).......
../..........##
##........####
########.. .##
.# ##


You could see an orc warrior and a kobold.

Vanquished Creatures
  A water moccasin (D:6)
  A wight (D:6)
  A hound (D:4)
  A jelly (D:6)
  2 orc wizards
  A gnoll (D:6)
  7 adders
  A dart slug (D:1)
  13 orcs
  2 ball pythons (Sewer)
  2 bats
  5 giant cockroaches
  5 goblins
  8 hobgoblins
  8 jackals
  5 kobolds
  9 giant newts
  2 rats
  3 plants (Sewer)
77 creatures vanquished.

Vanquished Creatures (collateral kills)
  An ogre (D:6)
  A phantom (D:6)
  A giant frog (D:6)
  2 gnolls (D:6)
  7 orcs
12 creatures vanquished.

Grand Total: 89 creatures vanquished

Notes
Turn   | Place    | Note
--------------------------------------------------------------
     0 | D:1      | M4edhros the Troll Necromancer began the quest for the Orb.
     0 | D:1      | Reached XP level 1. HP: 16/16 MP: 1/1
    52 | D:1      | Reached skill level 1 in Unarmed Combat
   127 | D:2      | Reached XP level 2. HP: 17/24 MP: 2/2
   166 | D:2      | Reached skill level 2 in Unarmed Combat
   267 | D:2      | Found a faded altar to an unknown god.
   292 | D:2      | Became a worshipper of Pakellas the Inventive
   292 | D:2      | Reached * piety under Pakellas
   292 | D:2      | Received a gift from Pakellas
   424 | D:4      | Reached skill level 3 in Unarmed Combat
   424 | D:4      | Reached XP level 3. HP: 15/31 MP: 3/3
   487 | D:4      | Reached XP level 4. HP: 36/39 MP: 4/4
   797 | D:4      | Found a staircase to the Ecumenical Temple.
   811 | D:4      | Found a glowing drain.
   833 | D:4      | Reached ** piety under Pakellas
   833 | D:4      | Received a gift from Pakellas
   833 | D:4      | Reached skill level 1 in Evocations
   833 | D:4      | Reached XP level 5. HP: 42/46 MP: 5/5
   855 | Sewer    | Entered a sewer
   909 | Sewer    | Reached skill level 4 in Unarmed Combat
  1309 | D:5      | Entered Level 5 of the Dungeon
  1326 | D:5      | Found Hitaewon's Gadget Boutique.
  1524 | D:6      | Found a stormy altar of Qazlal.
  1527 | D:6      | Found an opulent altar of Gozag.
  1561 | D:6      | Noticed an ogre
  1561 | D:6      | Noticed a phantom
  1570 | D:6      | Reached skill level 1 in Fighting
  1579 | D:6      | Killed an ogre
  1579 | D:6      | Reached XP level 6. HP: 19/55 MP: 4/6
  1584 | D:6      | Learned a level 3 spell: Regeneration
  1739 | D:6      | Reached *** piety under Pakellas
  1739 | D:6      | Received a gift from Pakellas
  1801 | D:7      | Noticed an orc warrior
  1801 | D:7      | Noticed a water moccasin
  1833 | D:6      | Killed a water moccasin
  1838 | D:7      | HP: 2/55 [orc/hand axe (7)]
  1842 | D:7      | Reached skill level 5 in Unarmed Combat
  1842 | D:7      | Reached XP level 7. HP: 15/62 MP: 1/7
  1843 | D:7      | Slain by an orc warrior

Skill      XL: |  1  2  3  4  5  6 |
---------------+-------------------+-----
Unarmed Combat | 1 3 4 5 |  5.0
Evocations     | 1 2 |  2.3
Dodging        | 2 |  2.6
Fighting       | 1 |  1.6
Stealth        | |  1.1
Spellcasting   | |  1.2
Necromancy     | |  3.5

Action                   |  1- 3 |  4- 6 |  7- 9 || total
-------------------------+-------+-------+-------++-------
Melee: Unarmed           |    86 |   219 |     1 ||   306
       Punch             |       |     2 |       ||     2
 Cast: Pain              |     3 |       |       ||     3
       Regeneration      |       |     1 |       ||     1
Invok: Quick Charge      |     1 |     3 |       ||     4
Evoke: Wand              |     7 |     5 |       ||    12
       Sack of spiders   |       |     2 |       ||     2
  Use: Potion            |       |     5 |       ||     5
  Eat: Chunk             |     2 |    22 |       ||    24
Armor: Robe              |    40 |    88 |       ||   128
Dodge: Dodged            |    55 |   144 |       ||   199
